 Dungeon Sprint DCSS version 0.23.0 (webtiles) character file.

Game seed: 13968676630010065057

168400000 Groucho the Axe Maniac (level 27, 199/199 HPs)
             Began as a Gargoyle Fighter on Feb 11, 2019.
             Was the Champion of Makhleb.
             Escaped with the Orb!
             The game lasted 00:14:53 (842 turns).

Groucho the Axe Maniac (Gargoyle Fighter)            Turns: 842, Time: 00:14:54

Health: 199/199    AC: 34    Str: 22    XL:     27
Magic:  54/54      EV: 31    Int: 11    God:    Makhleb [******]
Gold:   0          SH:  0    Dex: 18    Spells: 80/80 levels left

rFire    . . .     SeeInvis +   h - +∞ Axe of Woe
rCold    . . .     Gourm    .   (shield currently unavailable)
rNeg     + . .     Faith    .   b - +0 scale mail
rPois    ∞         Spirit   .   (no helmet)
rElec    +         Reflect  .   (no cloak)
rCorr    .         Harm     .   (no gloves)
MR       ++...     NoTele   +   (no boots)
Stlth    +++.......             (no amulet)
HPRegen  0.43/turn              l - +200 ring of slaying
MPRegen  0.34/turn              m - ring of see invisible

@: no status effects
A: big wings, negative energy resistance 1, electricity resistance, unbreathing,
petrification resistance, rot immunity, AC +20
0: Orb of Zot
a: Fly, Minor Destruction, Lesser Servant of Makhleb, Major Destruction, Greater
Servant of Makhleb, Renounce Religion


You escaped.
You worshipped Makhleb.
Makhleb was exalted by your worship.
You were not hungry.

You visited 1 branch

Inventory:

Hand Weapons
 h - the +∞ Axe of Woe (weapon)
   (You found it in the Dungeon)
 q - the +7 sceptre of Torment {pain, torment}
   (You took it off Dispater in the Dungeon)

   In the hands of one skilled in necromantic magic, it inflicts extra damage on
   living creatures.
Armour
 b - a +0 scale mail (worn)
 c - a +0 shield
 F - +1 fire dragon scales
Jewellery
 a - a +100 ring of slaying
 l - a +200 ring of slaying (left hand)
 m - a ring of see invisible (right hand)
 n - an uncursed ring of protection from fire
 o - a +30 ring of slaying
 p - a +200 ring of slaying
 r - a +27000 ring of slaying
 s - a +30 ring of slaying
 t - a +200 ring of slaying
 u - a +30 ring of slaying
 v - a +30 ring of slaying
 w - a +30 ring of slaying
 x - a +100 ring of slaying
 y - a +30 ring of slaying
 z - a +200 ring of slaying
 A - a +100 ring of slaying
 B - a +100 ring of slaying
 C - an uncursed ring of protection from fire
 D - a +30 ring of slaying
 E - a +30 ring of slaying
 G - a +30 ring of slaying
 H - a +30 ring of slaying
 I - a +30 ring of slaying
 J - a +30 ring of slaying
 K - a +30 ring of slaying
 L - a +30 ring of slaying
 M - a +30 ring of slaying
 N - a +30 ring of slaying
 O - a +30 ring of slaying
 P - a +30 ring of slaying
 Q - a +30 ring of slaying
 R - a +30 ring of slaying
 S - a +30 ring of slaying
 T - a +30 ring of slaying
 U - a +30 ring of slaying
 V - a +30 ring of slaying
 W - a +30 ring of slaying
 X - a +30 ring of slaying
 Y - a +30 ring of slaying
 Z - a +30 ring of slaying
Scrolls
 k - a scroll of blinking
Potions
 d - a potion of might
 e - a potion of curing
 g - a potion of heal wounds
 i - 2 potions of magic
 j - a potion of berserk rage
Comestibles
 f - a ration


   Skills:
 O Level 27 Fighting
 O Level 27 Long Blades
 O Level 27 Axes
 O Level 27 Maces & Flails
 O Level 27 Polearms
 O Level 27 Throwing
 O Level 27 Armour
 O Level 27 Dodging
 O Level 27 Stealth
 O Level 27 Shields
 O Level 27 Unarmed Combat
 O Level 27 Spellcasting
 O Level 27 Invocations


You had 80 spell levels left.
You didn't know any spells.
Your spell library was empty.

Dungeon Overview and Level Annotations

Branches:
Dungeon (1/1)

Altars:
Makhleb


Innate Abilities, Weirdness & Mutations

You are resistant to torment.
Your stone body is resilient. (AC +20)
You are immune to poison.
Your large and strong wings let you fly indefinitely.
You resist negative energy. (rN+)
You are resistant to electric shocks. (rElec)
You can survive without breathing.
You are immune to petrification.
You are immune to rotting.


Message History

The ynoxinul bellows!
You hear a shout! x4
You hear a shout! x2
The shadow demon misses you.
You open the shadow demon like a pillowcase!!!!
You hew the shadow demon savagely.
You kill the shadow demon!
Makhleb accepts your kill.
The ynoxinul disappears in a puff of smoke!
You hear a shout! x2
You hear a shout! x5
You hear a shout! x3
You hear a shout! x3
There is a burning altar of Makhleb here.
You hear a shout! x2
You hear a shout! x3
Your pack is full.
There is a staircase leading out of the dungeon, spattered with blood here.
Items here: ))))) ===== You hear a shout! x5
You have escaped!

....).......).)......).).))......
..#.....).......)..).)...)......#
...#........#....).)#).).........
......#.....#.......#......))...#
...#......###.......###...)))....
...............###.......)....)##
.......#.......)_)...............
.....#.......#)))))#.......#.#...
###..........#_.@)_#........).)..
#....#.......#..=))#.....)#.#.#..
................_).)))......=....
...............###....)..=.#.#.#.
..........###.))...)###....))....
.......)....#..)....#............
............#..)....#....).......
...#.........).).........).......
))#.#.#........)........#...#....


There were no monsters in sight!

Vanquished Creatures
  Dispater (D)
  4 vampire knights (D)
  24 ogres (D)
  6 two-headed ogres (D)
  165 orcs (D)
  A seraph (D)
  4 pandemonium lords (D)
  A Brimstone Fiend (D)
  A Tzitzimitl (D)
  An Ice Fiend (D)
  3 Orb Guardians (D)
  An Executioner (D)
  A daeva (D)
  A warmonger (D)
  3 cacodemons (D)
  4 reapers (D)
  2 corrupters (D)
  A lorocyproca (D)
  A hell beast (D)
  2 soul eaters (D)
  A sixfirhy (D)
  A cherub (D)
  2 torturous demonspawn (D)
  2 shadow demons (D)
  2 infernal demonspawn (D)
  2 gelid demonspawn (D)
  An orange demon (D)
  A large abomination (D)
  An ice devil (D)
  A hellwing (D)
  A red devil (D)
  2 ball lightnings (D)
244 creatures vanquished.

Vanquished Creatures (others)
  5 ball lightnings (D)
5 creatures vanquished.

Grand Total: 249 creatures vanquished

Notes
Turn   | Place    | Note
-------+----------+-------------------------------------------
     0 | D        | Found the +∞ Axe of Woe
     0 | D        | Groucho the Gargoyle Fighter began the quest for the Orb.
     0 | D        | Reached XP level 1. HP: 14/14 MP: 1/1
     2 | D        | Noticed a bag of meat
     2 | D        | Noticed a bag of meat
     4 | D        | Noticed a bag of meat
     4 | D        | Noticed a bag of meat
     6 | D        | Noticed a bag of meat
     7 | D        | Noticed a bag of meat
    10 | D        | Became a worshipper of Makhleb the Destroyer
    12 | D        | Killed a bag of meat
    12 | D        | Reached XP level 2. HP: 19/19 MP: 2/2
    12 | D        | Reached XP level 3. HP: 23/23 MP: 3/3
    12 | D        | Reached XP level 4. HP: 28/28 MP: 4/4
    12 | D        | Reached XP level 5. HP: 32/32 MP: 5/5
    12 | D        | Reached XP level 6. HP: 37/37 MP: 6/6
    12 | D        | Reached XP level 7. HP: 41/41 MP: 7/7
    12 | D        | Reached XP level 8. HP: 46/46 MP: 8/8
    12 | D        | Reached XP level 9. HP: 51/51 MP: 9/9
    12 | D        | Reached XP level 10. HP: 56/56 MP: 10/10
    12 | D        | Reached XP level 11. HP: 60/60 MP: 11/11
    12 | D        | Reached XP level 12. HP: 64/64 MP: 12/12
    13 | D        | Killed a bag of meat
    13 | D        | Reached * piety under Makhleb
    13 | D        | Reached XP level 13. HP: 68/68 MP: 13/13
    13 | D        | Noticed a bag of meat
    15 | D        | Killed a bag of meat
    15 | D        | Gained mutation: Your large and strong wings let you fly
                  | indefinitely. [Gargoyle growth]
    15 | D        | Reached XP level 14. HP: 74/74 MP: 14/14
    16 | D        | Killed a bag of meat
    16 | D        | Killed a bag of meat
    16 | D        | Reached ** piety under Makhleb
    16 | D        | Reached XP level 15. HP: 78/78 MP: 15/15
    21 | D        | Noticed a meat berserker
    24 | D        | Reached XP level 16. HP: 83/83 MP: 16/16
    28 | D        | Killed a meat berserker
    28 | D        | Reached *** piety under Makhleb
    28 | D        | Reached skill level 27 in Axes
    28 | D        | Reached skill level 27 in Dodging
    32 | D        | Reached skill level 15 in Fighting
    32 | D        | Reached skill level 15 in Armour
    32 | D        | Reached XP level 17. HP: 113/113 MP: 17/17
    35 | D        | Reached **** piety under Makhleb
    37 | D        | Reached XP level 18. HP: 136/136 MP: 18/18
    40 | D        | Noticed a large bag of meat
    41 | D        | Noticed a meat berserker
    42 | D        | Noticed a destroyer
    45 | D        | Reached ***** piety under Makhleb
    45 | D        | Reached skill level 27 in Fighting
    45 | D        | Reached skill level 27 in Armour
    45 | D        | Reached skill level 1 in Spellcasting
    46 | D        | Reached skill level 5 in Throwing
    46 | D        | Reached XP level 19. HP: 151/151 MP: 18/28
    48 | D        | Killed a destroyer
    48 | D        | Reached skill level 15 in Stealth
    49 | D        | Reached skill level 15 in Shields
    49 | D        | Reached skill level 15 in Invocations
    49 | D        | Reached XP level 20. HP: 157/157 MP: 18/37
    50 | D        | Reached skill level 15 in Unarmed Combat
    51 | D        | Killed a meat berserker
    51 | D        | Reached skill level 15 in Throwing
    51 | D        | Reached skill level 15 in Spellcasting
    53 | D        | Killed a large bag of meat
    53 | D        | Reached XP level 21. HP: 153/163 MP: 18/42
    57 | D        | Reached ****** piety under Makhleb
    61 | D        | Noticed a meat berserker
    62 | D        | Reached XP level 22. HP: 169/169 MP: 20/46
    75 | D        | Reached skill level 27 in Stealth
    75 | D        | Reached XP level 23. HP: 175/175 MP: 24/50
    78 | D        | Reached skill level 27 in Shields
    78 | D        | Reached skill level 27 in Invocations
    82 | D        | Reached skill level 27 in Throwing
    82 | D        | Reached skill level 27 in Unarmed Combat
    82 | D        | Reached skill level 27 in Spellcasting
    87 | D        | Noticed a large bag of meat
    88 | D        | Reached XP level 24. HP: 181/181 MP: 28/54
    94 | D        | Killed a large bag of meat
    95 | D        | Reached XP level 25. HP: 187/187 MP: 29/54
   108 | D        | Reached XP level 26. HP: 193/193 MP: 33/54
   114 | D        | Reached XP level 27. HP: 199/199 MP: 35/54
   132 | D        | Noticed a large bag of meat
   136 | D        | Killed a large bag of meat
   145 | D        | Noticed a large bag of meat
   162 | D        | Killed a large bag of meat
   188 | D        | Noticed a destroyer
   197 | D        | Killed a destroyer
   200 | D        | Reached skill level 27 in Long Blades
   217 | D        | Noticed The Meatlord
   230 | D        | Killed The Meatlord
   231 | D        | Got the Orb of Zot
   236 | D        | Reached skill level 27 in Maces & Flails
   242 | D        | Noticed a destroyer
   249 | D        | Killed a destroyer
   314 | D        | Noticed a destroyer
   318 | D        | Killed a destroyer
   321 | D        | Noticed a large bag of meat
   323 | D        | Noticed a large bag of meat
   326 | D        | Killed a large bag of meat
   329 | D        | Killed a large bag of meat
   389 | D        | Noticed a seraph
   393 | D        | Killed a seraph
   447 | D        | Noticed Baov the pandemonium lord
   451 | D        | Killed Baov the pandemonium lord
   568 | D        | Reached skill level 27 in Polearms
   573 | D        | Noticed Ducuurr the pandemonium lord
   578 | D        | Killed Ducuurr the pandemonium lord
   652 | D        | Noticed Joos Loq the pandemonium lord
   656 | D        | Killed Joos Loq the pandemonium lord
   736 | D        | Noticed Pomie the pandemonium lord
   740 | D        | Killed Pomie the pandemonium lord
   842 | D        | Escaped with the Orb!

Skill      XL: |  1  2  3  4  5  6  7  8  9 10 11 12 13 14 15 16 17 18 19 20 21 22 23 24 25 26 27 |
---------------+----------------------------------------------------------------------------------+-----
Axes           | 18 20 22 24 26 27 | 27.0
Dodging        | 16 19 20 23 25 27 | 27.0
Fighting       | 15 22 27 | 27.0
Armour         | 15 22 27 | 27.0
Throwing       | 5 13 17 20 23 27 | 27.0
Stealth        | 7 16 22 24 27 | 27.0
Shields        | 8 15 20 23 26 27 | 27.0
Unarmed Combat | 6 14 19 21 24 27 | 27.0
Spellcasting   | 6 13 17 20 23 27 | 27.0
Invocations    | 7 15 20 23 26 27 | 27.0
Long Blades    | 27 | 27.0
Maces & Flails | 27 | 27.0
Polearms       | 27 | 27.0

Action                   |  1- 3 |  4- 6 |  7- 9 | 10-12 | 13-15 | 16-18 | 19-21 | 22-24 | 25-27 || total
-------------------------+-------+-------+-------+-------+-------+-------+-------+-------+-------++-------
Melee: Executioner's axe |     1 |       |       |     1 |     4 |     8 |     9 |    13 |   153 ||   189
  Use: Potion            |     1 |       |       |       |       |       |       |       |       ||     1
 Stab: Distracted        |       |       |       |       |       |       |       |       |     1 ||     1
Armor: Scale mail        |       |       |       |       |       |       |     5 |     5 |    28 ||    38
Dodge: Dodged            |       |       |       |       |       |       |       |       |    44 ||    44
